 Dungeon Crawl Stone Soup version 0.29-a0-284-gf9362112df (webtiles) character file.

Game seed: 6946418871941012194

47 horus123 the Poker (level 3, 0/27 HPs)
             Began as a Merfolk Gladiator on Mar 20, 2022.
             Was a Follower of Fedhas.
             Slain by a goblin
             ... wielding a +0 club
             ... led by Robin
              (4 damage)
             ... on level 2 of the Dungeon.
             The game lasted 00:01:36 (1003 turns).

horus123 the Poker (Merfolk Gladiator)              Turns: 1003, Time: 00:01:37

Health: 0/27       AC:  4    Str: 14    XL:     3   Next: 70%
Magic:  0/3        EV: 13    Int:  7    God:    Fedhas [*.....]
Gold:   55         SH:  0    Dex: 17    Spells: 2/2 levels left

rFire   . . .      SeeInvis .   a - +0 trident
rCold   . . .      Faith    .   (no shield)
rNeg    . . .      Spirit   +   b - +0 leather armour
rPois   .          Reflect  .   c - +0 helmet
rElec   .          Harm     .   (no cloak)
rCorr   .          Rampage  .   (no gloves)
Will    .....                   (no boots)
Stlth   +.........              h - amulet of guardian spirit
HPRegen 0.09/turn               (no ring)
MPRegen 0.08/turn               (no ring)

@: no status effects
A: (nimble swimmer 2), mertail
a: Renounce Religion


You were on level 2 of the Dungeon.
You worshipped Fedhas.
Fedhas was aware of your devotion.
You visited 1 branch of the dungeon, and saw 2 of its levels.

You collected 55 gold pieces.

Inventory:

Hand Weapons
 a - a +0 trident (weapon)
Missiles
 d - 3 throwing nets (quivered)
 e - a javelin
Armour
 b - a +0 leather armour (worn)
 c - a +0 helmet (worn)
Jewellery
 h - an amulet of guardian spirit (around neck)
Scrolls
 f - a scroll of identify {unknown}
 g - a scroll of vulnerability {unknown}
 j - a scroll of fog {unknown}
Potions
 i - a potion of resistance {unknown}


   Skills:
 - Level 2.1 Fighting
 + Level 6.1 Polearms
 - Level 2.0 Throwing
 - Level 4.0 Dodging


You had 2 spell levels left.
You didn't know any spells.
Your spell library was empty.

Dungeon Overview and Level Annotations

Branches:
Dungeon (2/15)

Altars:
Fedhas

Annotations:
D:2 Robin


Innate Abilities, Weirdness & Mutations

((You are very nimble when in or above water. (Stealth+, EV+, Speed+++)))
Your lower body shifts to a powerful aquatic tail in water.


Message History

Robin hits you with a +2 mace of protection.
You hit Robin.
Robin is lightly wounded.
A goblin comes into view. It is wielding a +0 club.
Robin closely misses you.
Okay, then.
You completely miss Robin.
Robin is lightly wounded.
Robin roars a battlecry!
The hobgoblin goes into a battle-frenzy!
You hear a shout!
You barely miss Robin.
Robin is lightly wounded.
Robin hits you but does no damage.
You puncture Robin!
Robin is severely wounded.
Robin hits you with a +2 mace of protection.
You barely miss Robin.
Robin is severely wounded.
Robin says, "Feeling lonely?"
Robin throws the goblin at you!
You hit Robin.
Robin is severely wounded.
The goblin hits you with a +0 club.
* * * LOW HITPOINT WARNING * * *
Robin barely misses you.
You hit Robin but do no damage.
Robin is severely wounded.
The goblin barely misses you. Robin barely misses you.
Unknown command.
You hit Robin but do no damage.
Robin is severely wounded.
The goblin hits you with a +0 club.
* * * LOW HITPOINT WARNING * * *
Robin barely misses you.
You closely miss Robin.
Robin is severely wounded.
The goblin hits you with a +0 club.
You die...
Fedhas appreciates your contribution to the ecosystem.

#.# #.# ######### #.#
#.......# #.####
#.......##
#.##.####...♣)..#.
.######(......'..♣♣♣.)'.
...rg.)g......#..|♣...#.
###g##g#...#.#.......#.
#@#...#.#.......#.
#g###.#.########## #.#
#.#.# #...# #.# #.#.#
##'## #.. ....# ###.###
### #.### #......
#.#.### #....## #.....#


You could see Robin, a hobgoblin (strong) and a goblin (strong).

Vanquished Creatures
  An adder (D:2)
  A worm (D:2)
  2 dart slugs (D:1)
  A bat (D:1)
  4 endoplasms (D:1)
  A giant cockroach (D:1)
  5 goblins
  2 hobgoblins
  4 jackals (D:1)
  3 kobolds
  2 ball pythons (D:1)
  A frilled lizard (D:1)
  A rat (D:2)
28 creatures vanquished.

Notes
Turn   | Place    | Note
-------+----------+-------------------------------------------
     0 | D:1      | horus123 the Merfolk Gladiator began the quest for the Orb.
     0 | D:1      | Reached XP level 1. HP: 16/16 MP: 1/1
   177 | D:1      | Reached XP level 2. HP: 15/22 MP: 2/2
   186 | D:1      | Reached skill level 5 in Polearms
   486 | D:1      | Found a faded altar of an unknown god.
   607 | D:1      | Reached XP level 3. HP: 24/27 MP: 1/3
   781 | D:1      | Prayed at the altar of an unknown god.
   781 | D:1      | Became a worshipper of Fedhas Madash
   781 | D:1      | Reached * piety under Fedhas
   944 | D:2      | Reached skill level 6 in Polearms
   989 | D:2      | Noticed Robin
  1003 | D:2      | Slain by a goblin

Illustrated notes

Levels and vault maps discovered:
D:1:      amcnicky_arrival_underground_garden, layout_loops_corners,
          shapermc_ecumenical_altar_hornbeckon, chequers_serial_rivers_room_a,
          minmay_hexomino_c4
D:2:      layout_loops_corners, serial_shops, shop, serial_glass,
          glass_columns_b, glass_columns_a, kennysheep_generic_room_8,
          uniq_robin

Skill      XL: |  1  2  3 |
---------------+----------+-----
Polearms       | 5 6 |  6.1
Fighting       | |  2.1
Throwing       | |  2.0
Dodging        | |  4.0

Action                   || total
-------------------------++-------
Melee: Trident           ||   104
 Stab: Distracted        ||     1
Armor: Leather armour    ||    21
Dodge: Dodged            ||    61

Table legend: (Time is in decaauts)
 A = Elapsed time spent in this place.
 B = Non-inter-level travel time spent in this place.
 C = Inter-level travel time spent in this place.
 D = Time resting spent in this place.
 E = Time spent auto-exploring this place.
 F = Levels seen in this place.
 G = Mean time per level.
                   A        B        C        D        E       F      G
               +--------+--------+--------+--------+--------+-----+--------+
         Total |    996 |    868 |    128 |    139 |    525 |   2 |  498.0 |
       Dungeon |    996 |    868 |    128 |    139 |    525 |   2 |  498.0 |
               +--------+--------+--------+--------+--------+-----+--------+

Top non-repeatable levels by time:
     D:1: 838 daAuts
     D:2: 157 daAuts
